 Dungeon Crawl Stone Soup version 0.30.1-11-g7821555f0a (webtiles) character file.

Game seed: 9851803360762711803

11 comborobin the Sneak (level 2, -1/26 HPs)
             Began as a Hill Orc Delver on Dec 24, 2023.
             Was an Initiate of Cheibriados.
             Splashed by a jelly's acid (7 damage)
             ... on level 4 of the Dungeon.
             The game lasted 00:01:03 (293 turns).

comborobin the Sneak (Hill Orc Delver)               Turns: 293, Time: 00:01:03

Health: -1/26      AC: -5    Str: 15    XL:     2   Next: 25%
Magic:  2/2        EV: 11    Int: 11    God:    Cheibriados [......]
Gold:   12         SH:  0    Dex: 13    Spells: 1/1 levels left

rFire   . . .        a - +0 hand axe
rCold   . . .        (no shield)
rNeg    . . .        b - +0 leather armour
rPois   .            (no helmet)
rElec   .            (no cloak)
rCorr   .            (no gloves)
SInv    .            (no boots)
Will    .....        (no amulet)
Stlth   ++           (no ring)
HPRegen 0.24/turn    (no ring)
MPRegen 0.08/turn

%: no passive effects
@: corroded, very slow
A: no striking features
a: Renounce Religion


You were on level 4 of the Dungeon.
You worshipped Cheibriados.
Cheibriados was noncommittal.
You visited 2 branches of the dungeon, and saw 4 of its levels.

You collected 12 gold pieces.

Inventory:

Hand Weapons
 a - a +0 hand axe (weapon)
Armour
 b - a +0 leather armour (worn)
Wands
 g - a wand of digging (3)
Scrolls
 c - a scroll of fog
 d - a scroll of silence {unknown}
 e - a scroll of fear


   Skills:
 + Level 3.6 Fighting
 + Level 3.9 Axes
 - Level 1.5 Dodging
 - Level 4.1 Stealth


You had one spell level left.
You didn't know any spells.
Your spell library was empty.

Dungeon Overview and Level Annotations

Branches:
Dungeon (6/15)             Temple (1/1) D:5

Altars:
Ashenzari
Cheibriados
Dithmenos
Fedhas
Makhleb
Nemelex Xobeh
Okawaru
Qazlal
Ru
Sif Muna
Trog
Uskayaw
Xom


Message History

Press < or > to pray at altars.
Unknown command.
Press < or > to pray at altars.
Unknown command.
Press < or > to pray at altars.
You kneel at the altar of Cheibriados.
Cheibriados welcomes you!
Cheibriados begins to support your attributes as your movement slows.
Cheibriados is now slowing the effects of poison on you.
Unknown command.
Press < or > to pray at altars.
There is a blossoming altar of Fedhas here.
There is a staircase back to the Dungeon here.
Unknown command.
You climb upwards.
There is a staircase to the Ecumenical Temple here.
Unknown command.
There is a stone staircase leading up here.
You climb upwards.
There is a stone staircase leading down here.
Unknown command.
A giant cockroach is nearby!
The helpless giant cockroach fails to defend itself.
You hit the giant cockroach.
You kill the giant cockroach!
Cheibriados appreciates the change of pace.
A jelly comes into view.
The jelly quivers.
A jelly is nearby!
Okay, then.
It was a potion of curing.
You feel better.
You hit the jelly.
Your hands burn!
The jelly is moderately wounded.
The jelly hits you.
You are splashed with acid!
You hit the jelly. The acid corrodes you!
Your hands burn!
The jelly is heavily wounded.
The jelly hits you.
* * * LOW HITPOINT WARNING * * *
The acid corrodes you!
You are splashed with acid!
You die...

#.##...... #.#######
#.##.##### .......###
#.##......
#.....####.##..####
#...#.............#
####.######...#..##..
#.......##.......####
#.##.##.###...#.†....
# #@# # ##.########
#J# #.# #.. #.# ##.#
#+# .# .# .. ..


You could see a jelly.

Vanquished Creatures
  An adder (D:5)
  A giant cockroach (D:4)
2 creatures vanquished.

Notes
Turn   | Place    | Note
-------+----------+-------------------------------------------
     0 | D:5      | comborobin the Hill Orc Delver began the quest for the Orb.
     0 | D:5      | Reached XP level 1. HP: 19/19 MP: 1/1
     1 | D:6      | Noticed a steam dragon
    78 | D:5      | Found a staircase to the Ecumenical Temple.
    89 | D:5      | Noticed a black bear
   117 | D:5      | Reached XP level 2. HP: 15/26 MP: 2/2
   172 | Temple   | Entered the Ecumenical Temple
   228 | Temple   | Became a worshipper of Cheibriados the Contemplative
   293 | D:4      | Splashed by a jelly's acid

Illustrated notes

Levels and vault maps discovered:
D:4:      layout_loops_corners, nicolae_half_adder
D:5:      layout_basic, mainiacjoe_overflow_boulevard,
          minmay_temple_entry_arrows, minivault_19, sigmund_edmund_badplayer,
          uniq_pikel
D:6:      layout_cave_pools, mainiacjoe_overflow_alcove_4,
          nicolae_ossuary_entry_giza
Temple:   cyrus_circular_temple

Skill      XL: |  1 |
---------------+----+-----
Axes           | 3 |  3.9
Fighting       | |  3.6
Dodging        | |  1.5
Stealth        | |  4.1

Action                     || total
---------------------------++-------
  Melee: Hand axe          ||    15
    Use: Potion            ||     2
         Scroll            ||     1
   Stab: Sleeping          ||     2
 Armour: Leather armour    ||     2
  Dodge: Dodged            ||     6
